 Dungeon Crawl Stone Soup version 0.31-a0-265-gcf7e37af1d (webtiles) character file.

Game seed: 15028389456866712810

126 qw the Shooter (level 5, -3/30 HPs)
             Began as a Gargoyle Hexslinger on July 13, 2023.
             Slain by a gnoll
             ... wielding a +0 spear
              (8 damage)
             ... on level 4 of the Dungeon.
             The game lasted 00:00:57 (1711 turns).

qw the Shooter (Gargoyle Hexslinger)                Turns: 1711, Time: 00:00:58

Health: -3/30      AC: 15    Str: 12    XL:     5   Next: 10%
Magic:  6/6        EV: 10    Int: 13    God:
Gold:   114        SH:  0    Dex: 14    Spells: 5/6 levels left

rFire   . . .        Y - +1 sling
rCold   . . .        (no shield)
rNeg    + . .        e - +0 ring mail
rPois   inf          (no helmet)
rElec   +            d - +0 cloak
rCorr   .            (no gloves)
SInv    .            l - +0 pair of boots
Will    .....        (no amulet)
Stlth   +            j - +4 ring of protection
HPRegen 0.25/turn    (no ring)
MPRegen 0.10/turn

%: no passive effects
@: no status effects
A: sickness immunity, AC +4, negative energy resistance 1, electricity
resistance, torment resistance 1, petrification resistance
a: no special abilities


You were on level 4 of the Dungeon.
You visited 1 branch of the dungeon, and saw 5 of its levels.

You collected 114 gold pieces.


Innate Abilities, Weirdness & Mutations

You are immune to sickness and miasma.
Your stone body is resilient. (AC +4)
You are immune to poison.
You resist negative energy. (rN+)
You are resistant to electric shocks. (rElec)
You are resistant to unholy torment.
You are immune to petrification.


   Skills:
 - Level 2.2 Fighting
 + Level 4.5 Ranged Weapons
 - Level 1.3 Armour
 - Level 1.5 Dodging
 - Level 1.0 Spellcasting
 - Level 2.6 Hexes


You had 5 spell levels left.
You knew the following spells:

 Your Spells              Type           Power      Damage    Failure   Level
a - Slow                  Hex            28%        N/A       21%         1

Your spell library contained the following spells:

 Spells                   Type           Power      Damage    Failure   Level
 Inner Flame              Hex/Fire       4%         N/A       71%         3
 Portal Projectile        Hex/Tloc       8%         N/A       71%         3
 Cause Fear               Hex            3%         N/A       90%         4

Inventory:

Hand Weapons
 Y - a +1 sling (weapon)
Armour
 d - a +0 cloak (worn)
 e - a +0 ring mail (worn)
 l - a +0 pair of boots (worn)
Jewellery
 j - a +4 ring of protection (left hand)
Scrolls
 g - a scroll of identify
Potions
 a - a potion of berserk rage {unknown}
 b - a potion of cancellation {unknown}
 c - a potion of heal wounds {unknown}
 f - a potion of enlightenment {unknown}

Dungeon Overview and Level Annotations

Branches:
Dungeon (5/15)
 Temple: D:4-7

Altars:


Message History

The gnoll completely misses you.
You shoot a sling bullet. The sling bullet hits the gnoll.
The gnoll is heavily wounded.
The gnoll hits you but does no damage. x4
The gnoll hits you from afar with a +0 spear.
The gnoll hits you but does no damage. The gnoll barely misses you. x2
You shoot a sling bullet.
The sling bullet barely misses the gnoll.
The sling bullet hits the gnoll.
The gnoll is severely wounded.
The gnoll barely misses you. The gnoll hits you with a +0 whip.
The gnoll barely misses you. The gnoll closely misses you.
You shoot a sling bullet. The sling bullet hits the gnoll.
The gnoll is severely wounded.
The gnoll closely misses you. The gnoll misses you.
The gnoll hits you but does no damage.
The gnoll hits you from afar with a +0 spear!
You shoot a sling bullet. The sling bullet hits the gnoll.
You kill the gnoll!
The gnoll barely misses you. The gnoll completely misses you.
The gnoll closely misses you. x2; The gnoll hits you but does no damage. x2
You shoot a sling bullet. The sling bullet hits the gnoll.
The gnoll is severely wounded.
The gnoll hits you but does no damage. x2; The gnoll closely misses you.
You shoot a sling bullet.
The sling bullet closely misses the gnoll.
The gnoll hits you from afar with a +0 halberd.
The gnoll hits you from afar with a +0 spear.
The gnoll closely misses you.
You shoot a sling bullet.
The sling bullet hits the gnoll but does no damage.
The gnoll is severely wounded.
The gnoll closely misses you. The gnoll barely misses you.
The gnoll hits you but does no damage.
You shoot a sling bullet. The sling bullet hits the gnoll.
The gnoll is almost dead.
The gnoll closely misses you. The gnoll barely misses you.
The gnoll hits you from afar with a +0 halberd.
The gnoll hits you from afar with a +0 spear!
You die...

... ..# #.# #.# #.# #+
#.# #.# ... #.# ##.#
.... ####.# ##.#. .....
##.##.# #.###
.....g####..[#.######.#.
.....g)@................
.....g####...#.########.
..... ##.##.# #. ....
####.# #. ... #.# #. #+
#.# .. #.# . ..# ###


You could see 3 gnolls.

Vanquished Creatures
  3 adders
  2 gnolls
  2 worms (D:2)
  3 dart slugs
  6 endoplasms
  3 giant cockroaches
  4 goblins
  7 hobgoblins
  8 jackals
  7 kobolds
  3 quokkas
  4 ball pythons
  4 bats
  5 frilled lizards
  3 rats
64 creatures vanquished.

Notes
Turn   | Place    | Note
-------+----------+-------------------------------------------
     0 | D:1      | qw the Gargoyle Hexslinger began the quest for the Orb.
     0 | D:1      | Reached XP level 1. HP: 12/12 MP: 2/2
     0 | D:1      | 0 ||| qw: Version: 0.3-a-52-g30416fa
     0 | D:1      | 0 ||| qw: Game counter: 7590
     0 | D:1      | 0 ||| qw: Melee chars always use a shield: true
     0 | D:1      | 0 ||| qw: God list: Okawaru
     0 | D:1      | 0 ||| qw: Allow faded altars: false
     0 | D:1      | 0 ||| qw: Do Orc after clearing Dungeon:15 true
     0 | D:1      | 0 ||| qw: Do second Lair branch before Depths: true
     0 | D:1      | 0 ||| qw: Lair rune preference: random
     0 | D:1      | 0 ||| qw: Goals: Normal
     0 | D:1      | 0 ||| PLANNING D:1-11
   110 | D:1      | Reached XP level 2. HP: 16/16 MP: 3/3
   144 | D:1      | Reached skill level 3 in Ranged Weapons
   248 | D:1      | Reached XP level 3. HP: 13/21 MP: 4/4
   840 | D:1      | 840 ||| UPGRADING to +0 cloak.
   845 | D:1      | 845 ||| UPGRADING to +0 ring mail.
   855 | D:1      | 855 ||| DROPPING +0 robe.
   856 | D:1      | 856 ||| UPGRADING to +0 pair of boots.
   861 | D:1      | 861 ||| UPGRADING to +4 ring of protection.
   862 | D:1      | 862 ||| READING scroll labelled VUEWKE RIOTUYZ.
   863 | D:1      | 863 ||| READING scroll labelled JANLAQY DU KEHU.
   864 | D:1      | 864 ||| READING scroll labelled KUFFOY SAAWUE.
   865 | D:1      | 865 ||| READING scroll labelled ZAPRE HUSKEHEPT.
   866 | D:1      | 866 ||| READING scroll labelled OMYEDUUTOTWE.
   867 | D:1      | 867 ||| READING scroll labelled TEDUJE JUAPS.
   868 | D:1      | 868 ||| DROPPING scroll of poison.
  1018 | D:2      | Reached XP level 4. HP: 26/26 MP: 5/5
  1054 | D:2      | Reached skill level 1 in Armour
  1405 | D:2      | Reached skill level 4 in Ranged Weapons
  1488 | D:3      | You fall into a shaft and drop 2 floors!
  1488 | D:5      | Entered Level 5 of the Dungeon
  1699 | D:4      | Reached XP level 5. HP: 30/30 MP: 6/6
  1709 | D:4      | HP: 7/30 [gnoll/+0 spear (3)]
  1711 | D:4      | Slain by a gnoll

Levels and vault maps discovered:
D:1:      wander_arrival_abandoned_jail, layout_loops_ring, hex_medium,
          minmay_tromino_mix6
D:2:      layout_basic
D:3:      layout_rooms, serial_shops, nicolae_shop_bloodbath_and_beyond,
          serial_undead, serial_undead_a, serial_undead_c, serial_undead_f,
          serial_undead_d, shapermc_ecumenical_altar_pompeii, minmay_vboxes,
          uniq_sigmund
D:4:      layout_loops_corners, lemuel_mausoleum_altar_yredelemnul
D:5:      layout_gridville, okawaru_ov_weapons_minmay, jmf_multi_god_temple2,
          hellmonk_ghost_happy_afterlife, nicolae_elevator_lobby_plus,
          uniq_duvessa

Skill      XL: |  1  2  3  4 |
---------------+-------------+-----
Ranged Weapons | 3 4 |  4.5
Fighting       | 2 |  2.2
Armour         | 1 |  1.3
Dodging        | |  1.5
Spellcasting   | |  1.0
Hexes          | |  2.6

Action                     |  1- 3 |  4- 6 || total
---------------------------+-------+-------++-------
   Fire: Sling             |   159 |   116 ||   275
    Use: Scroll            |     6 |       ||     6
 Armour: Robe              |    40 |       ||    40
         Ring mail         |     5 |    51 ||    56
  Dodge: Dodged            |    71 |    68 ||   139

Table legend:
 A = Non-vault XP
 B = Vault XP
 C = Vault XP percentage of total XP
 D = Non-vault monster count
 E = Vault monster count
 F = Vault count percentage of total count
                 A         B        C        D         E       F
            +---------+---------+-------+---------+---------+-------
      Total |     177 |       4 |   2.2 |      61 |       3 |   4.7
            +---------+---------+-------+---------+---------+-------
        D:1 |      76 |       4 |   5.0 |      36 |       3 |   7.7
        D:2 |      59 |       0 |   0.0 |      16 |       0 |   0.0
        D:3 |       1 |       0 |   0.0 |       1 |       0 |   0.0
        D:4 |      35 |       0 |   0.0 |       6 |       0 |   0.0
        D:5 |       6 |       0 |   0.0 |       2 |       0 |   0.0
            +---------+---------+-------+---------+---------+-------
